 Dungeon Crawl Stone Soup version 0.26.0-10-g1f06aea511 (webtiles) character file.

Game seed: 12407793206437291043

31 Delamore the Skirmisher (level 3, -4/24 HPs)
             Began as a Gargoyle Fighter on Jan 14, 2021.
             Killed from afar by Sigmund (8 damage)
             ... with a puff of flame
             ... on level 2 of the Dungeon.
             The game lasted 00:00:52 (825 turns).

Delamore the Skirmisher (Gargoyle Fighter)           Turns: 825, Time: 00:00:53

Health: -4/24      AC: 12    Str: 20    XL:     3   Next: 22%
Magic:  3/3        EV:  7    Int:  8    God:
Gold:   91         SH:  9    Dex:  9    Spells: 2/2 levels left

rFire    . . .     SeeInvis .   a - +0 flail
rCold    . . .     Faith    .   c - +0 kite shield
rNeg     + . .     Spirit   .   b - +0 scale mail
rPois    ∞         Reflect  .   (no helmet)
rElec    +         Harm     .   (no cloak)
rCorr    .         Rampage  .   k - +0 pair of gloves
Will     .....                  h - +0 pair of boots
Stlth    ..........             (no amulet)
HPRegen  0.08/turn              (no ring)
MPRegen  0.08/turn              (no ring)

@: mighty
A: negative energy resistance 1, electricity resistance, unbreathing,
petrification resistance, miasma immunity, AC +3
a: no special abilities


You were on level 2 of the Dungeon.
You visited 1 branch of the dungeon, and saw 2 of its levels.

You collected 91 gold pieces.

Inventory:

Hand Weapons
 a - a +0 flail (weapon)
Armour
 b - a +0 scale mail (worn)
 c - a +0 kite shield (worn)
 h - a +0 pair of boots (worn)
 k - a +0 pair of gloves (worn)
Scrolls
 e - 2 scrolls of identify {unknown}
 f - 2 scrolls of fear {unknown}
 j - a scroll of blinking {unknown}
 l - a scroll of enchant weapon {unknown}
Potions
 g - 2 potions of heal wounds {unknown}
 i - a potion of curing {unknown}


   Skills:
 + Level 3.8 Fighting
 + Level 2.6 Maces & Flails
 - Level 3.2 Armour
 + Level 3.8 Shields


You had 2 spell levels left.
You didn't know any spells.
Your spell library was empty.

Dungeon Overview and Level Annotations

Branches:
Dungeon (2/15)

Altars:

Annotations:
D:2 Sigmund


Innate Abilities, Weirdness & Mutations

You are resistant to torment.
Your stone body is resilient. (AC +3)
You are immune to poison.
You resist negative energy. (rN+)
You are resistant to electric shocks. (rElec)
You can survive without breathing.
You are immune to petrification.
You are immune to miasma.


Message History

Something hits you but does no damage.
You closely miss something. Something hits you but does no damage.
You miss something. Something hits you.
You barely miss something. Something hits you but does no damage.
You miss something. Something hits you but does no damage.
You closely miss something. Something hits you but does no damage.
You barely miss something. Something hits you but does no damage.
Your shield and scale mail prevent you from hitting something.
Something hits you but does no damage.
You miss something.
You hear some strange, mumbled words.
A magic dart appears from out of thin air!
The magic dart hits you.
You sock something! Something hits you.
* * * LOW HITPOINT WARNING * * *
You miss something.
You hear some strange, mumbled words.
A puff of flame appears from out of thin air!
The puff of flame hits you!
You die...

................##.#
#...
...###............>#
#### #.#.###.#..###
#.#.# #.#..# #...#
#....# #.### ##...#
#.######..>#
..?..<.{...#
##.######@.##
.........#
.######.## #.# #.#
#.# #.# #.#


There were no monsters in sight!

Vanquished Creatures
  2 oozes (D:1)
  A worm (D:2)
  4 bats
  2 giant cockroaches
  4 goblins
  2 hobgoblins
  2 frilled lizards
  A kobold (D:1)
18 creatures vanquished.

Notes
Turn   | Place    | Note
-------+----------+-------------------------------------------
     0 | D:1      | Delamore the Gargoyle Fighter began the quest for the Orb.
     0 | D:1      | Reached XP level 1. HP: 14/14 MP: 1/1
   123 | D:1      | Reached XP level 2. HP: 19/19 MP: 2/2
   659 | D:2      | Reached XP level 3. HP: 22/24 MP: 3/3
   802 | D:2      | Noticed Sigmund
   825 | D:2      | Killed from afar by Sigmund

Illustrated notes

Levels and vault maps discovered:
D:1:      giann_horns, layout_basic, hangedman_glass_teeth
D:2:      layout_loops_ring, lemuel_crystal_altar, uniq_sigmund

Action                   || total
-------------------------++-------
Melee: Flail             ||    87
  Use: Potion            ||     1
Armor: Scale mail        ||    42
Dodge: Dodged            ||    31
Block: Kite shield       ||    41
